 Seeded DCSS version 0.29.1-2-gbd0b4ee654 (webtiles) character file.

Game seed: 20221027 (custom seed)

71 Nerdsrcool the Poker (level 4, -7/34 HPs)
             Began as a Merfolk Gladiator on Oct 27, 2022.
             Was a Follower of Wu Jian.
             Killed by divine providence
             ... invoked by an orc priest
              (11 damage)
             ... on level 3 of the Dungeon.
             The game lasted 00:08:24 (1870 turns).

Nerdsrcool the Poker (Merfolk Gladiator)            Turns: 1870, Time: 00:08:25

Health: -7/34      AC: 10    Str: 14    XL:     4   Next: 24%
Magic:  4/4        EV: 10    Int:  7    God:    Wu Jian [*.....]
Gold:   60         SH:  4    Dex: 17    Spells: 3/3 levels left

rFire   . . .      SeeInvis .   a - +0 trident (elec)
rCold   . . .      Faith    .   r - +0 buckler
rNeg    . . .      Spirit   .   n - +0 scale mail
rPois   .          Reflect  .   c - +0 helmet
rElec   .          Harm     .   (no cloak)
rCorr   .          Rampage  .   (no gloves)
Will    .....                   o - +2 pair of boots
Stlth   ..........              (no amulet)
HPRegen 0.11/turn               m - ring of wizardry
MPRegen 0.09/turn               (no ring)

@: no status effects
A: (nimble swimmer 2), mertail
a: Renounce Religion


You were on level 3 of the Dungeon.
You worshipped Wu Jian.
Wu Jian was aware of your devotion.
You visited 1 branch of the dungeon, and saw 4 of its levels.

You collected 60 gold pieces.

Inventory:

Hand Weapons
 a - a +0 trident of electrocution (weapon)
Missiles
 b - 3 boomerangs (quivered)
 e - a javelin
Armour
 c - a +0 helmet (worn)
 n - a +0 scale mail (worn)
 o - a +2 pair of boots (worn)
 r - a +0 buckler (worn)
Jewellery
 m - a ring of wizardry (left hand)
Wands
 f - a wand of digging (5)
Scrolls
 h - 3 scrolls of teleportation
 j - a scroll of identify
Potions
 k - a potion of mutation {unknown}
 p - a potion of haste
 q - a potion of invisibility {unknown}


   Skills:
 + Level 2.5 Fighting
 + Level 5.1 Polearms
 + Level 2.2 Throwing
 + Level 0.5 Armour
 + Level 4.9 Dodging
 + Level 0.4 Stealth


You had 3 spell levels left.
You didn't know any spells.
Your spell library was empty.

Dungeon Overview and Level Annotations

Branches:
Dungeon (4/15)
 Temple: D:4-7

Altars:
Wu Jian

Shops:
D:3 ?


Innate Abilities, Weirdness & Mutations

((You are very nimble when in or above water. (Stealth+, EV+, Speed+++)))
Your lower body shifts to a powerful aquatic tail in water.


Message History

The air fills with toxic fumes!
As you read the scroll of poison, it crumbles to dust.
The orc hits you with a +0 mace.
You puncture the orc!
You kill the orc!
The Council accepts your kill.
The orc priest mumbles some strange prayers to Beogh against you.
Pain shoots through your body!
* * * LOW HITPOINT WARNING * * *
You feel better.
The orc priest calls down the wrath of Beogh upon you.
Beogh smites you!
* * * LOW HITPOINT WARNING * * *
As you read the scroll of teleportation, it crumbles to dust.
You feel strangely unstable.
You are too injured to fight recklessly!
Throw: 3 boomerangs
Press: ? - help, Q - select action, (/) - cycle Shift-Dir - straight line You throw a boomerang.
Throw: 3 boomerangs
Press: ? - help, Q - select action, (/) - cycle Shift-Dir - straight line, f - orc priest
Aim: an orc priest, wielding a +0 hand axe and wearing a +0 scale mail (65% to hit)
You throw a boomerang.
The boomerang barely misses the orc priest.
Your surroundings suddenly seem different.
There is a stone staircase leading down here.
You climb downwards.
Reactivating autopickup.
Found 10 gold pieces and a shiny iron wand.
There is a stone staircase leading up here.
You climb upwards.
You hear the sound of rushing water.
There is an entrance to a sewer on this level.
Hurry and find it before the portal rusts away!
There is a stone staircase leading down here.
You hear the slow rusting of a distant drain.
Something unseen opens the door.
There is a stone staircase leading up here.
The orc priest calls down the wrath of Beogh upon you.
Beogh smites you!
You die...

#....###.......#
#..).#.'.o.....#
#....# #..[....#
#{o..# #....####
.(o... #.##o######
##(######.#.......#
#. .........####.#
#. #####...#.....#
#...@#.##..#
........#.# #
##...##.... ..###
##### #


You could see an orc priest.

Vanquished Creatures
  An adder (D:2)
  A worm (D:2)
  An orc (D:3)
  6 bats
  6 endoplasms
  3 giant cockroaches
  5 goblins
  A hobgoblin (D:1)
  7 jackals
  3 quokkas
  4 ball pythons
  3 frilled lizards
  4 kobolds
  6 rats
51 creatures vanquished.

Notes
Turn   | Place    | Note
-------+----------+-------------------------------------------
     0 | D:1      | Nerdsrcool the Merfolk Gladiator began the quest for the
                  | Orb.
     0 | D:1      | Reached XP level 1. HP: 16/16 MP: 1/1
   101 | D:1      | Reached XP level 2. HP: 22/22 MP: 2/2
   349 | D:1      | Reached XP level 3. HP: 25/27 MP: 3/3
   970 | D:2      | Reached skill level 5 in Polearms
  1024 | D:2      | Reached XP level 4. HP: 23/34 MP: 4/4
  1292 | D:2      | Found a faded altar of an unknown god.
  1319 | D:2      | Prayed at the altar of an unknown god.
  1319 | D:2      | Became a worshipper of the Wu Jian Council
  1319 | D:2      | Reached * piety under Wu Jian
  1821 | D:3      | Found Coeces's Magic Scroll Emporium.
  1870 | D:3      | Killed from afar by an orc priest

Illustrated notes

Levels and vault maps discovered:
D:1:      minmay_arrival_four_houses, layout_rooms, chequers_garden,
          grunt_decor_mini_mirrors
D:2:      kennysheep_six_static_rooms, layout_basic,
          hellmonk_ecumenical_altar_prayer_group
D:3:      layout_basic, cheibrodos_sewer_entry_drain, serial_shops,
          nicolae_shop_stone, nicolae_shop_stone, nicolae_shop_waterfront, shop
D:4:      layout_basic

Skill      XL: |  1  2  3 |
---------------+----------+-----
Polearms       | 5 |  5.1
Fighting       | |  2.5
Throwing       | |  2.2
Armour         | |  0.5
Dodging        | |  4.9
Stealth        | |  0.4

Action                   |  1- 3 |  4- 6 || total
-------------------------+-------+-------++-------
Melee: Trident           |   112 |    19 ||   131
       Punch             |     2 |       ||     2
Throw: Throwing net      |       |     3 ||     3
       Boomerang         |       |     2 ||     2
Invok: Whirlwind         |       |     1 ||     1
  Use: Scroll            |       |     8 ||     8
       Potion            |       |     3 ||     3
Armor: Leather armour    |     3 |       ||     3
       Ring mail         |    17 |       ||    17
       Scale mail        |    18 |     2 ||    20
Dodge: Dodged            |    53 |     3 ||    56
